 Dungeon Sprint DCSS version 0.31-a0-744-gbc345e7fcb (webtiles) character file.

Game seed: 10253142911304654752

561 rocky1 the Basher (level 6, -4/60 HPs)
             Began as a Demigod Fighter on Sept 14, 2023.
             Slain by a two-headed ogre
             ... wielding a +0 giant club
              (12 damage)
             ... in the Dungeon (Sprint IX: "|||||||||||||||||||||||||||||").
             The game lasted 00:01:54 (441 turns).

rocky1 the Basher (Demigod Fighter)                  Turns: 441, Time: 00:01:54

Health: -4/60      AC: 14    Str: 25    XL:     6   Next: 83%
Magic:  8/8        EV:  9    Int: 10    God:
Gold:   0          SH:  6    Dex: 16    Spells: 5/5 levels left

rFire   . . .        a - +0 flail
rCold   . . .        c - +0 buckler
rNeg    . . .        o - +0 plate armour
rPois   .            (no helmet)
rElec   .            n - +0 cloak
rCorr   .            (no gloves)
SInv    .            (no boots)
Will    .....        (no amulet) Stlth
                     p - +2 ring of evasion
HPRegen 0.30/turn    q - +3 ring of dexterity
MPRegen 0.11/turn

%: no teleportation
@: mighty, hasted, very quick
A: high MP 1, forlorn, divine attributes
a: no special abilities


You were in the Dungeon.
You visited 1 branch

Inventory:

Hand Weapons
 a - a +0 flail (weapon)
 m - a +3 heavy war axe
Armour
 b - a +0 scale mail
 c - a +0 buckler (worn)
 n - a +0 cloak (worn)
 o - a +0 plate armour (worn)
Jewellery
 p - a +2 ring of evasion (left hand)
 q - a +3 ring of dexterity (right hand)
Wands
 l - a wand of iceblast (10)
Scrolls
 j - 2 scrolls of blinking
 k - 2 scrolls of amnesia
Potions
 e - 4 potions of curing
 h - 4 potions of magic


   Skills:
 + Level 7.3 Fighting
 * Level 8.7 Maces & Flails
 + Level 6.9 Armour
 + Level 1.3 Dodging
 - Level 1.1 Stealth
 + Level 6.4 Shields


You had 5 spell levels left.
You didn't know any spells.
Your spell library was empty.

Dungeon Overview and Level Annotations

Branches:
Dungeon (1/1)


Innate Abilities, Weirdness & Mutations

You have an increased reservoir of magic. (+10% MP)
You shall have no god before yourself.
Your divine heritage dramatically boosts your attributes as you level up.


Message History

Your Maces & Flails skill increases to level 8!
You closely miss something. Something hits you but does no damage.
You barely miss something. Something hits you.
You thump something!
Reactivating autopickup.
You feel a bit more experienced.
Items here: )) [[ †††.
You start resting.
HP restored.
You start waiting.
Done waiting.
You open the door.
A two-headed ogre, a cyclops, 2 ugly things, a centaur warrior and a shadow come into view.
The cyclops shouts!
The purple ugly thing gurgles horribly!
The brown ugly thing gurgles horribly!
The centaur warrior shouts!
You sock the two-headed ogre!
The two-headed ogre is lightly wounded.
The two-headed ogre hits you with a +0 giant club!!
The two-headed ogre hits you with a +0 giant club!
Unknown command.
You feel yourself speed up.
The purple ugly thing basks in the mutagenic energy from its kin and changes!
You feel very mighty all of a sudden.
The two-headed ogre hits you with a +0 giant club.
The two-headed ogre barely misses you.
The brown ugly thing basks in the mutagenic energy from its kin and changes!
You feel better.
You barely miss the two-headed ogre.
The two-headed ogre is lightly wounded.
The two-headed ogre hits you with a +0 giant club!
* * * LOW HITPOINT WARNING * * *
The two-headed ogre hits you with a +0 giant club.
* * * LOW HITPOINT WARNING * * *
Unknown command.
You barely miss the two-headed ogre.
The two-headed ogre is lightly wounded.
You sock the two-headed ogre!
The two-headed ogre is moderately wounded.
The two-headed ogre hits you with a +0 giant club!
You die... ▓▓▓▓▓▓▓▓▓▓▓▓▓▓▓▓▓▓▓▓▓▓▓▓ '..)..[...'))...@OCuucW. ▓▓▓▓▓▓▓▓▓▓▓▓▓▓▓▓▓▓▓▓▓▓▓▓

You could see 2 ugly things, a centaur warrior, a two-headed ogre, a cyclops and a shadow.

Vanquished Creatures
  An acid dragon (D)
  An orc warrior (D)
  A centaur (D)
  3 hounds (D)
  An orc wizard (D)
  A gnoll (D)
  An adder (D)
  A dart slug (D)
  A bat (D)
  2 endoplasms (D)
  A goblin (D)
14 creatures vanquished.

Vanquished Creatures (others)
  A troll (D)
  A yak (D)
2 creatures vanquished.

Grand Total: 16 creatures vanquished

Notes
Turn   | Place    | Note
-------+----------+-------------------------------------------
     0 | D        | rocky1 the Demigod Fighter began the quest for the Orb.
     0 | D        | Reached XP level 1. HP: 18/18 MP: 3/3
     9 | D        | Reached skill level 2 in Maces & Flails
    36 | D        | Noticed a hound
    36 | D        | Noticed a hound
    36 | D        | Noticed a hound
    41 | D        | Killed a hound
    42 | D        | Reached XP level 2. HP: 27/27 MP: 4/4
    42 | D        | Reached XP level 3. HP: 33/33 MP: 5/5
    47 | D        | Reached skill level 3 in Maces & Flails
    53 | D        | Reached skill level 5 in Fighting
    53 | D        | Reached skill level 4 in Maces & Flails
    53 | D        | Reached skill level 5 in Armour
    53 | D        | Reached XP level 4. HP: 42/42 MP: 6/6
   158 | D        | Noticed a centaur
   158 | D        | Noticed an acid dragon
   158 | D        | Noticed a yak
   158 | D        | Noticed an orc warrior
   158 | D        | Noticed a troll
   164 | D        | Killed a centaur
   165 | D        | Reached skill level 5 in Shields
   173 | D        | Killed a yak
   174 | D        | Reached skill level 5 in Maces & Flails
   174 | D        | Reached skill level 1 in Stealth
   174 | D        | Reached XP level 5. HP: 18/51 MP: 7/7
   178 | D        | Killed an acid dragon
   179 | D        | Reached skill level 7 in Maces & Flails
   179 | D        | Reached skill level 1 in Dodging
   179 | D        | Reached XP level 6. HP: 16/58 MP: 8/8
   198 | D        | Killed a troll
   199 | D        | Reached skill level 8 in Maces & Flails
   434 | D        | Noticed a two-headed ogre
   434 | D        | Noticed a cyclops
   434 | D        | Noticed a purple ugly thing
   434 | D        | Noticed a brown ugly thing
   434 | D        | Noticed a centaur warrior
   434 | D        | Noticed a shadow
   441 | D        | Slain by a two-headed ogre

Illustrated notes

Levels and vault maps discovered:
D:        linesprint [early_d, line_temple, items_1, d_10, items_2, lair_1,
          lair_end, items_3, orc_1, orc_end, items_4, d_15, swamp_1, shoals_1,
          snake_1, spider_1, d_20, vaults_1, items_5, swamp_end, shoals_end,
          snake_end, spider_end, vaults_end, d_27, items_6, zot_1, zot_end,
          crypt_end, forest_end, elf_end, slime_end, tomb_end, abyss_end,
          pan_hell_end]

Skill      XL: |  1  2  3  4  5  6 |
---------------+-------------------+-----
Fighting       | 4 5 6 7 |  7.3
Maces & Flails | 2 4 5 7 8 |  8.7
Armour         | 4 5 6 |  6.9
Shields        | 3 4 5 6 |  6.4
Stealth        | 1 |  1.1
Dodging        | 1 |  1.3

Action                     |  1- 3 |  4- 6 || total
---------------------------+-------+-------++-------
  Melee: Flail             |    25 |    44 ||    69
    Use: Potion            |     1 |     7 ||     8
   Stab: Invisible         |       |     6 ||     6
 Armour: Scale mail        |    13 |       ||    13
         Plate armour      |       |    47 ||    47
  Dodge: Dodged            |     9 |    24 ||    33
  Block: Buckler           |     8 |    13 ||    21

Table legend: (Time is in decaauts)
 A = Elapsed time spent in this place.
 B = Non-inter-level travel time spent in this place.
 C = Inter-level travel time spent in this place.
 D = Time resting spent in this place.
 E = Time spent auto-exploring this place.
 F = Levels seen in this place.
 G = Mean time per level.
                   A        B        C        D        E       F      G
               +--------+--------+--------+--------+--------+-----+--------+
         Total |    457 |    457 |      0 |    288 |      0 |   1 |  457.0 |
       Dungeon |    457 |    457 |      0 |    288 |      0 |   1 |  457.0 |
               +--------+--------+--------+--------+--------+-----+--------+

Top non-repeatable levels by time:
       D: 457 daAuts
